 Dungeon Crawl Stone Soup version 0.19.1 (console) character file.

92 Morrissey the Ruffian (level 4, -2/40 HPs)
             Began as a Ghoul Monk on Dec 23, 2016.
             Slain by Sigmund
             ... wielding a +2 scythe of slicing
              (12 damage)
             ... on level 3 of the Dungeon.
             The game lasted 00:02:48 (2045 turns).

Morrissey the Ruffian (Ghoul Monk)                  Turns: 2045, Time: 00:02:48

Health: -2/40      AC:  5    Str: 14    XL:     4   Next: 60%
Magic:  3/3        EV: 13    Int:  5    God:
Gold:   93         SH:  0    Dex: 12    Spells: 0 memorised, 3 levels left

rFire  . . .     SeeInvis .       - Unarmed
rCold  + . .     Gourm    +     a - +0 robe
rNeg   + + +     Faith    .     (no shield)
rPois  ∞         Spirit   .     m - +2 helmet
rElec  .         Reflect  .     (no cloak)
rCorr  .         Harm     .     (no gloves)
MR     .....                    (no boots)
Stlth  ++........               s - amulet of the gourmand
                                (no ring)
                                (no ring)

@: rotting
A: rotting body, claws 1, carnivore 3, cold resistance 1, negative energy
resistance 3, slow regeneration 1, torment resistance, unbreathing
a: no special abilities


You were on level 3 of the Dungeon.
You were not hungry.

You visited 1 branch of the dungeon, and saw 3 of its levels.

You collected 93 gold pieces.

Inventory:

Armour
 a - a +0 robe (worn)
 m - a +2 helmet (worn)
Jewellery
 s - an amulet of the gourmand (around neck)
Scrolls
 c - a scroll of blinking {unknown}
 d - 2 scrolls of enchant weapon {unknown}
 f - a scroll of enchant armour {unknown}
 h - a scroll of immolation {unknown}
 l - 2 scrolls of fog {unknown}
 o - 4 scrolls of identify {unknown}
 q - 2 scrolls of remove curse {unknown}
 u - a scroll of magic mapping {unknown}
Potions
 e - a potion of ambrosia {unknown}
 g - a potion of cancellation
 i - a potion of agility {unknown}
 j - 2 potions of brilliance {unknown}
 k - a potion of curing {unknown}
 n - a potion of flight {unknown}
 r - a potion of invisibility {unknown}
 t - a potion of heal wounds {unknown}
Comestibles
 b - 2 meat rations
 p - 3 chunks of flesh


   Skills:
 + Level 3.8 Fighting
 * Level 3.5 Dodging
 + Level 2.6 Stealth
 * Level 4.3 Unarmed Combat


You had 3 spell levels left.
You didn't know any spells.

Dungeon Overview and Level Annotations

Branches:
Dungeon (3/15)

Altars:

Annotations:
D:3 Sigmund


Innate Abilities, Weirdness & Mutations

Your body is rotting away.
You thrive on raw meat.
You are immune to poison.
You have sharp fingernails.
You are carnivorous and can eat meat at any time.
Your flesh is cold resistant. (rC+)
You are immune to negative energy. (rN+++)
You regenerate slowly when monsters are visible.
You are immune to unholy pain and torment.
You can survive without breathing.


Message History

You feel a craving for the dungeon's cuisine.
s - an amulet of the gourmand (around neck)
You barely miss Sigmund.
Sigmund is lightly wounded.
Sigmund mumbles some strange words.
Sigmund flickers and vanishes!
Deactivating autopickup; reactivate with Ctrl-A.
You scratch something. Something hits you.
You scratch something. Something hits you.
You scratch something but do no damage. You barely miss something.
Something hits you!
* * * LOW HITPOINT WARNING * * *
You closely miss something. You closely miss something.
You hear some strange, mumbled words.
A magic dart appears from out of thin air!
The magic dart hits you!
* * * LOW HITPOINT WARNING * * *
It was a potion of cancellation.
You feel magically purged. Something hits you!
You die...

....# #.#.# .. .# #^#.#
#. #.# #.#.# #. #.#
#####.#.#######. #.#
.............##.
#.####.#
#####.######.##. #.....
#.# #.##{##..### #.#
#.##.@.....# #.#
#.#####..#.#
#.######..........#
#####........###.##.###
......######.###.##.#
#####.#####<..#...#.#
#####...............#
......#####...#...###
.##........#.###.##


There were no monsters in sight!

Vanquished Creatures
  3 adders (D:2)
  A worm (D:2)
  2 dart slugs
  2 leopard geckos
  A giant cockroach (D:1)
  9 goblins
  4 hobgoblins
  9 jackals
  2 bats (D:1)
  3 frilled lizards
  11 kobolds
  6 rats
53 creatures vanquished.

Notes
Turn   | Place    | Note
-------+----------+-------------------------------------------
     0 | D:1      | Morrissey the Ghoul Monk began the quest for the Orb.
     0 | D:1      | Reached XP level 1. HP: 19/19 MP: 0/0
   239 | D:1      | Reached XP level 2. HP: 10/26 MP: 1/1
   900 | D:1      | Reached XP level 3. HP: 30/31 MP: 2/2
  1493 | D:2      | Reached skill level 4 in Unarmed Combat
  1618 | D:2      | Reached XP level 4. HP: 39/40 MP: 3/3
  2032 | D:3      | Noticed Sigmund
  2045 | D:3      | Slain by Sigmund

Skill      XL: |  1  2  3 |
---------------+----------+-----
Dodging        | 3 |  3.5
Unarmed Combat | 4 |  4.3
Fighting       | |  3.8
Stealth        | |  2.6

Action                   |  1- 3 |  4- 6 || total
-------------------------+-------+-------++-------
Melee: Unarmed           |   134 |    52 ||   186
  Use: Potion            |       |     1 ||     1
 Stab: Sleeping          |     4 |     2 ||     6
       Distracted        |     1 |       ||     1
  Eat: Chunk             |     3 |     2 ||     5
Armor: Robe              |    16 |     7 ||    23
Dodge: Dodged            |    80 |    31 ||   111
